 Seeded DCSS version 0.30.1-4-g462c640d31 (webtiles) character file.

Game seed: 1488530604685760082 (custom seed)

20196 kingsuperguy the Severer (level 12, -3/107 HPs)
             Began as a Hill Orc Fighter on Sept 11, 2023.
             Was a High Priest of Beogh.
             Slain by Azrael
             ... wielding a +2 scimitar of flaming
              (7 damage)
             ... on level 13 of the Dungeon on Sept 15, 2023.
             The game lasted 00:26:38 (11073 turns).

kingsuperguy the Severer (Hill Orc Fighter)        Turns: 11073, Time: 00:26:39

Health: -3/107     AC: 23    Str: 27    XL:     12   Next: 77%
Magic:  13/13      EV:  8    Int:  8    God:    Beogh [*****.]
Gold:   753        SH:  6    Dex: 16    Spells: 11/11 levels left

rFire   . . .        s - +11 broad axe "Hill Orc's Regret" {spect, Str+3}
rCold   . . .        c - +0 buckler
rNeg    . . .        v - +0 plate armour
rPois   .            x - +1 helmet of the Skies Above {Dex+6}
rElec   .            X - +2 cloak {Will+}
rCorr   .            (no gloves)
SInv    .            r - +0 pair of boots
Will    +....        (no amulet) Stlth
                     (no ring)
HPRegen 0.37/turn    (no ring)
MPRegen 0.13/turn

%: no passive effects
@: no status effects
A: walk on water
a: Renounce Religion, Smiting, Recall Orcish Followers, Give Item to Named
Follower


You were on level 13 of the Dungeon.
You worshipped Beogh.
Beogh was extremely pleased with you.
You visited 1 branch of the dungeon, and saw 13 of its levels.
You also visited: Sewer and Ossuary.

You collected 753 gold pieces.

Inventory:

Hand Weapons
 a - a +0 war axe
 s - the +11 broad axe "Hill Orc's Regret" (weapon) {spect, Str+3}
   (You found it on level 3 of the Dungeon)

   Str:       It affects your strength (+3).
 K - a +2 dire flail of holy wrath
 V - a +0 dire flail
Armour
 b - a +0 scale mail
 c - a +0 buckler (worn)
 o - +0 acid dragon scales
 r - a +0 pair of boots (worn)
 v - a +0 plate armour (worn)
 x - the +1 helmet of the Skies Above (worn) {Dex+6}
   (You found it on level 12 of the Dungeon)

   Dex:       It affects your dexterity (+6).
 F - a +0 helmet
 X - a +2 cloak of willpower (worn)
Jewellery
 y - a ring of ice
 G - a +6 ring of intelligence
 I - a ring of flight
 P - a +6 ring of intelligence
 R - a ring of see invisible
 W - the amulet of Docsebui {Acrobat -Cast Rampage rElec Regen+}
   (You found it on level 12 of the Dungeon)

   [amulet of the acrobat]

   It increases your evasion while moving and waiting.
   rElec:     It insulates you from electricity.
   -Cast:     It prevents spellcasting.
   Regen:     It increases your rate of health regeneration.
   Rampage:   It bestows one free step when moving towards enemies.
Wands
 l - a wand of flame (48)
 J - a wand of mindburst (11)
 M - a wand of paralysis (16)
 O - a wand of acid (3)
 T - a wand of roots (6)
Scrolls
 e - 7 scrolls of teleportation {unknown}
 f - 2 scrolls of brand weapon {unknown}
 h - a scroll of summoning {unknown}
 i - 11 scrolls of identify {unknown}
 j - 2 scrolls of fog
 m - 2 scrolls of fear {unknown}
 n - a scroll of enchant armour {unknown}
 p - 2 scrolls of amnesia {unknown}
 t - 5 scrolls of immolation
 z - 2 scrolls of enchant weapon {unknown}
 D - 5 scrolls of magic mapping {unknown}
 L - 2 scrolls of noise
 N - 2 scrolls of vulnerability {unknown}
Potions
 d - 2 potions of might
 g - 7 potions of attraction {unknown}
 k - 8 potions of curing
 q - 3 potions of degeneration {unknown}
 u - 4 potions of haste {unknown}
 w - 2 potions of ambrosia {unknown}
 A - a potion of cancellation {unknown}
 B - 2 potions of brilliance {unknown}
 C - 4 potions of mutation {unknown}
 E - a potion of resistance
 H - a potion of magic {unknown}
 Q - a potion of invisibility {unknown}
 S - a potion of flight {unknown}
 U - 2 potions of berserk rage {unknown}


   Skills:
 + Level 10.3 Fighting
 + Level 18.3 Axes
 + Level 12.6 Armour
 + Level 1.2 Dodging
 + Level 1.4 Stealth
 + Level 6.9 Shields
 + Level 1.8 Invocations
 + Level 0.6 Evocations


You had 11 spell levels left.
You didn't know any spells.
Your spell library contained the following spells:

 Spells                   Type           Power      Damage    Failure   Level
 Apportation              Tloc           0%         N/A       98%         1
 Kiss of Death            Conj/Necr      0%         2d5       98%         1
 Necrotise                Necr           0%         1d4       98%         1
 Sandblast                Erth           0%         2d4       98%         1
 Shock                    Conj/Air       0%         1d3       98%         1
 Summon Small Mammal      Summ           0%         N/A       98%         1
 Passwall                 Tmut/Erth      0%         N/A       99%         2
 Searing Ray              Conj           0%         2d4       99%         2
 Static Discharge         Conj/Air       0%         2-2/arc   99%         2
 Hailstorm                Conj/Ice       0%         3d3       100%        3
 Stone Arrow              Conj/Erth      0%         3d7       100%        3
 Swiftness                Air            0%         N/A       100%        3
 Vhi's Electric Charge    Tloc/Air       0%         N/A       100%        3
 Airstrike                Air            0%         2d(0-16)  100%        4
 Summon Ice Beast         Ice/Summ       0%         N/A       100%        4
 Summon Lightning Spire   Summ/Air       0%         N/A       100%        4
 Arcjolt                  Conj/Air       0%         1d10      100%        5
 Summon Mana Viper        Hex/Summ       0%         N/A       100%        5
 Plasma Beam              Fire/Air       0%         2x1d11    100%        6
 Monstrous Menagerie      Summ           0%         N/A       100%        7


Dungeon Overview and Level Annotations

Branches:
Dungeon (13/15)            Temple (0/1) D:5            Lair (0/5) D:9
  Sewer (visited)         Ossuary (visited)
    Orc: D:9-12      Vaults: D:13-14

Altars:
Elyvilon
Gozag
Sif Muna
Trog
Uskayaw

Shops:
D:1 (

Annotations:
D:10 Psyche
D:13 3 runed translucent doors, Azrael


Message History

The fire elemental is moderately damaged.
You slash the fire elemental!
Morun burns!
The fire elemental hits you. The fire elemental burns you!
* * * LOW HITPOINT WARNING * * *
The hell hound breathes flames at you.
The blast of flame hits the fire elemental.
The fire elemental completely resists.
The blast of flame hits you but does no damage.
The fire elemental closely misses you.
Morun burns!
The hell hound breathes flames at you.
The blast of flame hits the fire elemental.
The fire elemental completely resists.
The blast of flame hits Morun!
The blast of flame hits you!
* * * LOW HITPOINT WARNING * * *
The fire elemental hits Morun.
The fire elemental burns Morun!
Morun dies!
Azrael is momentarily hidden by a cloud of flames.
The fire elemental hits you. The fire elemental burns you!
* * * LOW HITPOINT WARNING * * *
As you read the scroll labelled NYINIC ALEAKYMN, it crumbles to dust.
The scroll dissolves into smoke.
It was a scroll of fog.
The fire elemental closely misses you.
As you read the scroll labelled VALY RUZXASH, it crumbles to dust.
You hear a loud clanging noise!
It was a scroll of noise.
You hear a shout!
The fire elemental hits you. The fire elemental burns you!
* * * LOW HITPOINT WARNING * * *
Okay, then.
Okay, then.
Aiming: Fastroot
Press: ? - help, Q - select action, (/) - cycle Shift-Dir - straight line The roots erupt in riotous growth!
Roots grab Azrael.
The grasping roots constrict Azrael.
You block the fire elemental's attack.
Azrael howls in rage.
Azrael hits you with a +2 scimitar of flaming!
You die...

#.......##.#
#≈≈≈.....
#.......##.#
##≈~~....
#.......##.#
#≈≈≈~...
#.......##.#
#≈≈~~~~~
#.......##.#
########
#.......##.#
#..##§hE§..#
#..##§RE☼○.#
....##§@###☼#
..##.##§§#
#○E...... ...
#.##§§#
#○h...... ..
#. ...#
#..##.##.
....# #..# #
.....# #..#
#.....# #..#
#...... ../#
#


You could see Azrael (rooted), 2 fire elementals and a hell hound.

Vanquished Creatures
  Kirke (D:13)
  A hydra (D:13)
  A centaur warrior (D:13)
  5 boulder beetles
  2 skeletal warriors (D:12)
  A deep elf pyromancer (D:12)
  2 cyclopes (D:13)
  Pikel (D:4)
  An ugly thing (D:12)
  2 manticores (D:13)
  Maurice (D:10)
  A gargoyle (D:12)
  A kobold demonologist (D:11)
  A meliai (D:13)
  4 trolls
  4 slime creatures (D:13)
  Sigmund (D:6)
  3 wraiths
  A wyvern (D:11)
  A vampire (D:10)
  Eustachio (D:5)
  2 yaks (D:10)
  A hog (D:13)
  2 basilisks
  Edmund (D:6)
  A fire elemental (D:13)
  2 vampire mosquitoes (D:13)
  Menkaure (D:6)
  An acid dragon (D:11)
  A water moccasin (D:6)
  3 hell hounds (D:13)
  2 black bears
  3 orc warriors
  A sky beast (D:7)
  3 ice beasts
  An ogre (D:5)
  A boggart (D:10)
  8 centaurs
  2 lemures (D:4)
  A phantom (D:7)
  A kobold brigand (D:9)
  Blork the orc (D:5)
  A gnoll sergeant (D:12)
  2 wyvern zombies (Ossuary)
  A scorpion (D:5)
  2 water moccasin zombies (Ossuary)
  3 killer bees (D:9)
  2 electric eels (D:13)
  2 howler monkeys (D:9)
  5 bullfrog zombies (Ossuary)
  5 centaur zombies (Ossuary)
  2 gnoll boudas
  3 hounds
  3 orc priests
  3 iguanas
  4 orc wizards
  21 mummies (Ossuary)
  24 gnolls
  15 adders
  A river rat (Sewer)
  A white imp (D:6)
  An ufetubus (D:7)
  2 worms
  A dart slug (D:2)
  16 orcs
  10 endoplasms
  3 giant cockroaches
  4 goblins
  12 hobgoblins
  12 kobolds
  2 quokkas
  9 ball pythons
  6 bats
  9 frilled lizards
  11 rats
273 creatures vanquished.

Vanquished Creatures (collateral kills)
  2 hydras (D:13)
  A boulder beetle (D:13)
  A skeletal warrior (D:12)
  A gargoyle (D:12)
  A troll (D:13)
  A yak (D:10)
  A vampire mosquito (D:13)
  A hell hound (D:13)
  An ice beast (D:6)
  2 scorpions
  2 killer bees (D:9)
  An electric eel (D:13)
  2 howler monkeys (D:9)
  An orc priest (D:9)
  A gnoll bouda (D:9)
  An iguana (D:7)
  4 gnolls
  An adder (D:6)
  6 orcs
31 creatures vanquished.

Vanquished Creatures (others)
  4 orc warriors
  2 orc knights (D:13)
  3 humans (D:13)
  2 orc priests
  An orc wizard (D:5)
  5 orcs
  An endoplasm (D:3)
18 creatures vanquished.

Grand Total: 322 creatures vanquished

Notes
Turn   | Place    | Note
-------+----------+-------------------------------------------
     0 | D:1      | kingsuperguy the Hill Orc Fighter began the quest for the
                  | Orb.
     0 | D:1      | Reached XP level 1. HP: 19/19 MP: 1/1
   146 | D:1      | Reached XP level 2. HP: 27/27 MP: 2/2
   298 | D:1      | Reached skill level 3 in Axes
   471 | D:1      | Found Dyac's Weapon Shop.
   676 | D:1      | Found a faded altar of an unknown god.
   725 | D:2      | Reached XP level 3. HP: 25/33 MP: 3/3
   875 | D:2      | Reached skill level 4 in Axes
   875 | D:2      | Reached XP level 4. HP: 21/40 MP: 4/4
  1498 | D:3      | Found an opulent altar of Gozag.
  1572 | D:3      | Identified the +11 broad axe "Hill Orc's Regret" {spect,
                  | Str+3}
  1591 | D:3      | Became a worshipper of Beogh the Brigand
  2145 | D:3      | Found a large runed translucent door.
  2146 | D:3      | Found a large runed translucent door.
  2243 | D:3      | Found a bloodstained altar of Trog.
  2254 | D:3      | Found a hide-covered altar of Uskayaw.
  2385 | D:4      | Noticed a lemure
  2385 | D:4      | Noticed a lemure
  2385 | D:4      | Noticed a lemure
  2385 | D:4      | Noticed a lemure
  2386 | D:4      | Noticed Pikel
  2390 | D:4      | Killed a lemure
  2403 | D:4      | Found a sand-covered staircase.
  2407 | Ossuary  | Entered an ossuary
  2454 | Ossuary  | Reached XP level 5. HP: 38/46 MP: 5/5
  2456 | Ossuary  | Reached skill level 5 in Axes
  2499 | Ossuary  | Reached XP level 6. HP: 45/53 MP: 6/6
  2502 | Ossuary  | Reached * piety under Beogh
  2507 | Ossuary  | Reached skill level 6 in Axes
  2514 | Ossuary  | Reached skill level 5 in Fighting
  2545 | Ossuary  | Reached XP level 7. HP: 61/61 MP: 7/7
  2551 | Ossuary  | Reached skill level 7 in Axes
  2635 | Ossuary  | Reached skill level 8 in Axes
  2640 | Ossuary  | Reached skill level 5 in Armour
  2654 | Ossuary  | Reached skill level 9 in Axes
  2656 | Ossuary  | Reached XP level 8. HP: 66/69 MP: 8/8
  2867 | D:4      | Killed Pikel
  2868 | D:4      | Reached skill level 10 in Axes
  3055 | D:4      | Reached ** piety under Beogh
  3545 | D:5      | Entered Level 5 of the Dungeon
  3605 | D:5      | Noticed Eustachio
  3633 | D:5      | Killed Eustachio
  3634 | D:5      | Reached skill level 11 in Axes
  3634 | D:5      | Reached XP level 9. HP: 75/78 MP: 9/9
  3690 | D:5      | Noticed a troll
  3695 | D:5      | Noticed Blork the orc
  3698 | D:5      | Killed a troll
  3709 | D:5      | Killed Blork the orc
  3710 | D:5      | Reached skill level 12 in Axes
  3803 | D:5      | Found a glowing drain.
  3814 | Sewer    | Entered a sewer
  4297 | D:5      | Reached *** piety under Beogh
  4359 | D:5      | Reached skill level 13 in Axes
  4373 | D:5      | Found a bloodstained altar of Trog.
  4428 | D:5      | Found a staircase to the Ecumenical Temple.
  4914 | D:6      | Noticed Edmund
  4920 | D:6      | Killed Edmund
  5049 | D:6      | Got Fear's Lectures on Overhead Outbursts
  5162 | D:6      | Noticed Sigmund
  5166 | D:6      | Killed Sigmund
  5167 | D:6      | Reached skill level 14 in Axes
  5167 | D:6      | Reached XP level 10. HP: 86/86 MP: 10/10
  5351 | D:6      | Noticed Menkaure
  5356 | D:6      | Killed Menkaure
  5824 | D:7      | Reached skill level 5 in Shields
  7025 | D:9      | Reached **** piety under Beogh
  7061 | D:9      | Reached skill level 1 in Stealth
  7157 | D:9      | Found a white marble altar of Elyvilon.
  7344 | D:9      | Found a staircase to the Lair.
  7494 | D:10     | Entered Level 10 of the Dungeon
  7507 | D:10     | Reached skill level 15 in Axes
  7547 | D:10     | Noticed Maurice
  7552 | D:10     | Killed Maurice
  7556 | D:10     | Reached skill level 1 in Dodging
  7628 | D:10     | Noticed a two-headed ogre
  7634 | D:10     | Noticed Psyche
  7658 | D:10     | Noticed a two-headed ogre
  7670 | D:11     | Noticed a kobold demonologist
  7677 | D:11     | Killed a kobold demonologist
  8130 | D:11     | Noticed a boulder beetle
  8140 | D:11     | Killed a boulder beetle
  8141 | D:11     | Reached XP level 11. HP: 81/95 MP: 11/11
  8191 | D:11     | Reached skill level 16 in Axes
  8259 | D:12     | Noticed a boulder beetle
  8268 | D:12     | Killed a boulder beetle
  8281 | D:12     | Identified the +1 helmet of the Skies Above {Dex+6}
  8429 | D:12     | Reached skill level 10 in Armour
  8497 | D:12     | Noticed a skeletal warrior
  8499 | D:12     | Noticed a skeletal warrior
  8503 | D:12     | Killed a skeletal warrior
  8504 | D:12     | Reached skill level 1 in Invocations
  8504 | D:12     | Noticed a skeletal warrior
  8506 | D:12     | Killed a skeletal warrior
  8514 | D:12     | Killed a skeletal warrior
  8514 | D:12     | Gained Bogward as an ally
  8761 | D:12     | Gained Brunolf as an ally
  9073 | D:12     | Found a shimmering blue altar of Sif Muna.
  9110 | D:12     | Noticed a deep elf pyromancer
  9114 | D:12     | Killed a deep elf pyromancer
  9343 | D:12     | Identified the amulet of Docsebui {Acrobat -Cast Rampage
                  | rElec Regen+}
  9362 | D:12     | Noticed a green ugly thing
  9366 | D:12     | Killed a green ugly thing
  9716 | D:13     | Noticed Kirke
  9720 | D:13     | Killed Kirke
  9721 | D:13     | Reached skill level 17 in Axes
  9730 | D:13     | Reached XP level 12. HP: 99/104 MP: 13/13
  9858 | D:13     | Reached ***** piety under Beogh
  9985 | D:13     | Noticed a five-headed hydra
  9994 | D:13     | Killed a 13-headed hydra
  9994 | D:13     | Gained Marbork as an ally
 10013 | D:13     | Noticed a boulder beetle
 10021 | D:13     | Killed a boulder beetle
 10100 | D:13     | Noticed a centaur warrior
 10101 | D:13     | Noticed a boulder beetle
 10102 | D:13     | Noticed a four-headed hydra
 10106 | D:13     | Your ally Brunolf died
 10109 | D:13     | Your ally Bogward died
 10110 | D:13     | Your ally Marbork died
 10114 | D:13     | Killed a centaur warrior
 10120 | D:13     | HP: 4/106 [four-headed hydra (9)]
 10123 | D:13     | Killed a four-headed hydra
 10124 | D:13     | Reached skill level 18 in Axes
 10470 | D:13     | Killed a boulder beetle
 10668 | D:13     | Noticed a yaktaur captain
 10671 | D:13     | Noticed a five-headed hydra
 10682 | D:13     | Noticed a four-headed hydra
 10687 | D:13     | Reached skill level 10 in Fighting
 10690 | D:13     | Killed a six-headed hydra
 10924 | D:13     | Noticed a boulder beetle
 10924 | D:13     | Noticed a boulder beetle
 10928 | D:13     | Gained Morun as an ally
 10933 | D:13     | Found a runed translucent gate.
 10933 | D:13     | Found a runed translucent gate.
 10933 | D:13     | Found a runed translucent gate.
 10937 | D:13     | Killed a boulder beetle
 10938 | D:13     | Killed a boulder beetle
 10939 | D:13     | Noticed a fire giant
 10945 | D:13     | Noticed a centaur warrior
 11057 | D:13     | Noticed Azrael
 11067 | D:13     | Your ally Morun died
 11072 | D:13     | HP: 4/107 [fire elemental[Azrael] (12)]
 11073 | D:13     | Slain by Azrael

Illustrated notes

Levels and vault maps discovered:
D:1:      nzn_arrival_settlement, layout_loops_ring, serial_shops, shop,
          hellmonk_ecumenical_altar_arch_garden, minmay_tetromino_t4
D:2:      layout_basic
D:3:      layout_loops_corners, old_standard_altar, jmf_multi_god_temple2,
          st_stairs_9
D:4:      layout_basic, serial_shops, nicolae_square_shop, enter_ossuary_5,
          skrybe_limestone_x, uniq_pikel
D:5:      layout_cave_pods, temple_fountains, portal_sewer_entry_d,
          serial_glass, glass_columns_c, glass_columns_b, minmay_ruined_shrine,
          uniq_eustachio, uniq_blork_the_orc
D:6:      layout_basic, uniq_sigmund, uniq_menkaure, uniq_edmund
D:7:      layout_basic
D:8:      layout_layer_cave, nicolae_ru_sacrificial_ziggurat,
          nicolae_grassy_gnolls
D:9:      layout_rooms, elyvilon_altar_3, dpeg_oklobed_lair,
          hangedman_decor_diamond_cutter
D:10:     layout_rooms, tso_metal_star, orc_0_dummy, serial_rivers,
          chequers_serial_rivers_micro_c, chequers_serial_rivers_micro_b,
          chequers_serial_rivers_micro_d, chequers_serial_rivers_micro_b,
          chequers_serial_rivers_micro_d, chequers_big_river,
          minmay_mirror_moons_of_madness, uniq_maurice, uniq_psyche
D:11:     layout_rooms, fungi_pond_lemuel
D:12:     layout_gridville, kennysheep_orc_sif_temple
D:13:     kennysheep_treasure_stockpile, layout_long_grid, uniq_azrael,
          uniq_kirke

Skill      XL: |  1  2  3  4  5  6  7  8  9 10 11 12 |
---------------+-------------------------------------+-----
Fighting       | 4 5 6 7 8 9 10 | 10.3
Axes           | 3 4 5 6 9 11 14 15 17 18 | 18.3
Armour         | 4 5 7 9 11 12 | 12.6
Shields        | 4 5 6 |  6.9
Stealth        | 1 |  1.4
Dodging        | 1 |  1.2
Invocations    | 1 |  1.8
Evocations     | |  0.6

Action                     |  1- 3 |  4- 6 |  7- 9 | 10-12 || total
---------------------------+-------+-------+-------+-------++-------
  Melee: War axe           |    74 |    26 |       |       ||   100
         Broad axe         |       |    58 |   158 |   177 ||   393
 Invoke: Convert to Beogh  |       |     1 |       |       ||     1
         Recall Orcish Fol |       |       |       |     2 ||     2
         Smiting           |       |       |       |     1 ||     1
  Evoke: Wand              |       |       |       |     4 ||     4
    Use: Potion            |       |       |       |     9 ||     9
         Scroll            |       |       |       |     5 ||     5
 Armour: Scale mail        |    54 |    16 |       |       ||    70
         Plate armour      |       |    23 |    62 |   175 ||   260
  Dodge: Dodged            |    55 |    28 |    23 |    78 ||   184
  Block: Buckler           |    26 |    13 |    26 |    51 ||   116
